[Event "Team 45 45 League T54"]
[Site "Internet Chess Club"]
[Date "2012.08.30"]
[Round "3"]
[White "JustinL"]
[Black "zap2"]
[Result "1-0"]
[WhiteElo "1826"]
[BlackElo "1695"]
[Opening "Caro-Kann: advance variation"]
[ECO "B12"]
[Time "15:18:52"]
[TimeControl "2700+45"]

1. e4 c6 2. d4 d5 3. e5 Bf5 4. Bd3 Bxd3 5. Qxd3 e6 6. Bd2 Ne7 7. f4 Nf5 8. Nf3
h5 9. O-O c5 10. c3 Nc6 11. Qb5 Qb6 12. Qxb6 axb6 13. dxc5 Bxc5+ 14. Kh1 O-O 15.
b3 b5 16. g3 Ra7 17. Rc1 Rfa8 18. Rc2 b4 19. cxb4 Bxb4 20. a4 Ncd4 21. Nxd4 Nxd4
22. Rb2 Bxd2 23. Nxd2 b5 24. Rba2 bxa4 25. Rxa4 Rxa4 26. Rxa4 Rxa4 27. bxa4 Kf8
28. a5 Ke8 29. Nb3 Nc6 30. a6 Kd7 31. Kg2 Kc7 32. Nc5 Kb6 33. Nb7 Kxa6 34. Nd6
Nd8 35. Kf3 Kb6 36. Ke3 Kc5 37. Kd3 f6 38. Ne8 fxe5 39. fxe5 Nf7 40. Nxg7 Nxe5+
41. Ke2 Kd6 42. Nxh5 Nd7 43. g4 e5 44. h4 Ke6 45. g5 Kf7 46. Ng3 Kg6 47. Kf3 Nf8
48. Kg4 e4 49. h5+ Kh7 50. Kf5 e3 51. Ke5 Ng6+ 52. Kf6 Nh4 53. g6+ Kg8 54. Ne2
Nxg6 55. hxg6 Kf8 56. g7+ Kg8 57. Nd4 e2 58. Nxe2 Kh7 59. Kf7 Kh6 60. g8=Q Kh5
61. Kf6 Kh4 62. Kf5 Kh3 63. Qg3# {Black checkmated} 1-0

[Event "Team 45 45 League T54"]
[Site "Internet Chess Club"]
[Date "2012.09.01"]
[Round "3"]
[White "jantonio"]
[Black "LittleButton"]
[Result "0-1"]
[WhiteElo "1538"]
[BlackElo "1750"]
[Opening "Réti opening"]
[ECO "A05"]
[Time "15:01:25"]
[TimeControl "2700+45"]

1. Nf3 Nf6 2. g3 Nc6 3. Bg2 e5 4. d3 g6 5. O-O Bg7 6. Nbd2 O-O 7. c3 d6 8. Qc2
Bf5 9. e4 Bd7 10. Re1 Qc8 11. Nc4 Bh3 12. b4 Bxg2 13. Kxg2 Nd7 14. a4 f5 15. Qb3
Kh8 16. Ng5 Qe8 17. Ne3 Nd8 18. Nd5 Rc8 19. Rh1 h6 20. h4 Nf7 21. Bd2 hxg5 22.
hxg5+ Kg8 23. Rh2 c6 24. Nf6+ Nxf6 25. gxf6 Bxf6 26. Rah1 Qd7 27. Bg5 Bxg5 28.
Rh8+ Kg7 29. R8h7+ Kf6 30. f3 Qe6 31. Qc2 Rh8 32. Rxh8 Rxh8 33. Rxh8 Nxh8 34. c4
Nf7 35. Qf2 b6 36. Kf1 Ke7 37. Kg2 Kd7 38. Kf1 fxe4 39. fxe4 Qf6 {White resigns}
0-1

[Event "Team 45 45 League T54"]
[Site "Internet Chess Club"]
[Date "2012.08.31"]
[Round "3"]
[White "bayoumicardio10"]
[Black "ScotchYeti"]
[Result "0-1"]
[WhiteElo "1625"]
[BlackElo "1653"]
[Opening "Sicilian: closed"]
[ECO "B23"]
[Time "16:09:43"]
[TimeControl "2700+45"]

1. e4 c5 2. Nc3 e6 3. f4 d5 4. exd5 exd5 5. Nf3 Nf6 6. Bb5+ Nc6 7. O-O Be7 8.
Bxc6+ bxc6 9. b3 O-O 10. d3 Bg4 11. Na4 Nd7 12. Ba3 Re8 13. Qd2 Bxf3 14. Rxf3
Qc7 15. g3 Rad8 16. Re1 Bf8 17. Rfe3 Rxe3 18. Rxe3 c4 19. Bxf8 Nxf8 20. bxc4
dxc4 21. d4 Ne6 22. Nb2 Nxd4 23. Qxd4 Qb8 24. Qc3 h6 25. Re4 Qb6+ 26. Kg2 Qc5
27. Qxc4 Rd2+ 28. Kf3 Rf2+ 29. Kg4 h5+ 30. Kh3 Qf5+ 31. g4 Qxg4# {White
checkmated} 0-1

[Event "Team 45 45 League T54"]
[Site "Internet Chess Club"]
[Date "2012.09.02"]
[Round "3"]
[White "Sir-Sinister"]
[Black "alexping"]
[Result "1-0"]
[WhiteElo "2029"]
[BlackElo "1845"]
[Opening "French: Winawer, advance, Russian variation"]
[ECO "C17"]
[Time "11:40:12"]
[TimeControl "2700+45"]

1. e4 e6 2. d4 d5 3. Nc3 Bb4 4. e5 c5 5. Qg4 Ne7 6. dxc5 d4 7. a3 Qa5 8. Qxd4
Nbc6 9. Qd2 Nd5 10. Nge2 Nxe5 11. Rb1 Bxc3 12. Nxc3 Qxc5 13. Ne4 Qc7 14. c4 Ne7
15. Nd6+ Kf8 16. Nb5 Qc6 17. Qd8+ Qe8 18. Qxe8+ Kxe8 19. Nc7+ Kd8 20. Nxa8 b6
21. Bf4 N7g6 22. Rd1+ Bd7 23. Bg3 Ke7 24. Nc7 Ba4 25. Rd4 Nc6 26. Bd6+ Kf6 27.
Rd2 Na5 28. Bb4 Nb3 29. Rd6 a5 30. Bc3+ Ke7 31. Rxb6 Rd8 32. Bxg7 Nc1 33. Be2
Nf4 34. Bf3 Nxg2+ 35. Kf1 Nh4 36. Nd5+ Kd7 37. Rb7+ Kd6 38. Bf6 Nxf3 39. Bxd8
exd5 40. Kg2 Nd3 41. Kxf3 Bc6 42. Be7+ Ke6 43. Rb6 Kxe7 44. Rxc6 Ne5+ 45. Kf4
Nxc6 46. cxd5 {Black resigns} 1-0

[Event "Team 45 45 League T54"]
[Site "Internet Chess Club"]
[Date "2012.09.02"]
[Round "3"]
[White "bshribharath"]
[Black "MeoPatacca"]
[Result "0-1"]
[WhiteElo "1825"]
[BlackElo "1831"]
[Opening "Petrov: Nimzovich attack"]
[ECO "C42"]
[Time "07:46:19"]
[TimeControl "2700+45"]

1. e4 e5 2. Nf3 Nf6 3. Nxe5 d6 4. Nf3 Nxe4 5. Nc3 Nxc3 6. dxc3 Be7 7. Bf4 Nc6 8.
Qd2 Be6 9. Bb5 a6 10. Bxc6+ bxc6 11. Bg5 Rb8 12. b3 O-O 13. Bxe7 Qxe7 14. O-O
Qf6 15. Qd4 Qxd4 16. cxd4 Bf5 17. c4 Rfe8 18. Rfe1 Kf8 19. Re3 Rxe3 20. fxe3 Re8
21. Kf2 Be4 22. Re1 f5 23. Nd2 Kf7 24. Nxe4 Rxe4 25. Ke2 Ke6 26. Rf1 g6 27. Rf4
h5 28. Rxe4+ fxe4 29. b4 Kf5 30. Kd2 Kg4 31. a4 h4 32. b5 cxb5 33. cxb5 a5 34.
Ke2 h3 35. Kf2 hxg2 36. Kxg2 Kh4 {White resigns} 0-1

[Event "Team 45 45 League T54"]
[Site "Internet Chess Club"]
[Date "2012.08.31"]
[Round "3"]
[White "ChessChamp"]
[Black "MontanaSky"]
[Result "1-0"]
[WhiteElo "1707"]
[BlackElo "1702"]
[Opening "French: Winawer, advance, poisoned pawn, Konstantinopolsky variation"]
[ECO "C18"]
[Time "20:00:34"]
[TimeControl "2700+45"]

1. e4 e6 2. d4 d5 3. Nc3 Bb4 4. e5 c5 5. a3 Bxc3+ 6. bxc3 Qc7 7. Qg4 Ne7 8. Qxg7
Rg8 9. Qxh7 cxd4 10. Ne2 Nbc6 11. f4 dxc3 12. Qd3 Bd7 13. Rb1 O-O-O 14. Qxc3 Nf5
15. Rg1 Na5 16. Qxc7+ Kxc7 17. g4 Nh4 18. Rg3 Nc4 19. Nd4 a6 20. Bd2 Nxd2 21.
Kxd2 Ng6 22. Rc3+ Bc6 23. Bxa6 Kd7 24. Bxb7 Bxb7 25. Rxb7+ Ke8 26. Nb5 Rg7 27.
Nd6+ Kf8 28. Rcc7 Kg8 29. Nxf7 Rxf7 30. Rxf7 Nh4 31. Rg7+ {Black resigns} 1-0

[Event "Team 45 45 League T54"]
[Site "Internet Chess Club"]
[Date "2012.09.01"]
[Round "3"]
[White "rubo"]
[Black "Gilguli"]
[Result "1/2-1/2"]
[WhiteElo "1664"]
[BlackElo "1483"]
[Opening "Bird's opening, Swiss gambit"]
[ECO "A02"]
[Time "15:00:35"]
[TimeControl "2700+45"]

1. f4 f5 2. e4 fxe4 3. Nc3 Nf6 4. g4 d5 5. g5 Bg4 6. Be2 Bxe2 7. Qxe2 Ng8 8. d3
e3 9. d4 Nc6 10. Bxe3 Qd7 11. O-O-O O-O-O 12. Nf3 e6 13. a3 Nge7 14. Ne5 Nxe5
15. fxe5 Nf5 16. Bf2 Be7 17. h4 Qc6 18. Qb5 Qxb5 19. Nxb5 a6 20. Nc3 Rhf8 21.
Rh2 Rf7 22. Rd3 Rdf8 23. Rf3 b6 24. Kd1 Ne3+ 25. Rxe3 Rxf2 26. Rxf2 Rxf2 27. Rh3
c5 28. Ne2 Rf1+ 29. Kd2 cxd4 30. Nxd4 Kd7 31. c3 Bc5 32. Rf3 Rxf3 33. Nxf3 Bf2
34. h5 Bg3 35. Ke3 Kc6 36. Nd4+ Kd7 37. Nf3 b5 38. g6 hxg6 39. hxg6 Kc7 40. Kd4
Bf2+ 41. Kd3 Bg3 42. Kc2 Kb6 43. b4 a5 44. Kb3 a4+ 45. Kc2 Bf4 46. Kd1 Kc7 47.
Kc2 Bg3 48. Nd4 Bxe5 49. Nxe6+ Kd6 50. Ng5 Ke7 51. Nf3 Bf4 52. Nd4 Kf6 53. Nxb5
Kxg6 54. Nd4 Kf6 55. Ne2 Bd6 56. Kd3 Ke5 57. Ke3 g5 58. Kf3 Kf6 59. Nd4 Bf4 60.
Ne2 Be5 61. Kg4 Bd6 62. Nd4 Bf4 63. b5 Bd6 64. Nc2 Bc5 65. Kf3 {Game drawn by
mutual agreement} 1/2-1/2

[Event "Team 45 45 League T54"]
[Site "Internet Chess Club"]
[Date "2012.09.01"]
[Round "3"]
[White "primerpaso"]
[Black "DarkFlow"]
[Result "1/2-1/2"]
[WhiteElo "1913"]
[BlackElo "1913"]
[Opening "Queen's pawn: Keres defense"]
[ECO "A10"]
[Time "12:01:20"]
[TimeControl "2700+45"]

1. c4 b6 2. d4 e6 3. Nf3 Bb7 4. g3 Bb4+ 5. Bd2 Bxf3 6. exf3 Bxd2+ 7. Qxd2 d5 8.
Na3 Ne7 9. Rc1 Nbc6 10. c5 O-O 11. Ba6 e5 12. dxe5 Nxe5 13. Be2 c6 14. O-O Re8
15. Rfd1 Nd7 16. b4 bxc5 17. bxc5 Qc7 18. Kg2 Ng6 19. f4 Nf6 20. f3 Re7 21. Bd3
Rae8 22. Nc2 Nh5 23. Re1 {Game drawn by mutual agreement} 1/2-1/2

[Event "Team 45 45 League T54"]
[Site "Internet Chess Club"]
[Date "2012.09.01"]
[Round "3"]
[White "Constrictor"]
[Black "FlyingTiger"]
[Result "0-1"]
[WhiteElo "1762"]
[BlackElo "1749"]
[Opening "Grünfeld with Bf4 & e3"]
[ECO "D93"]
[Time "20:09:36"]
[TimeControl "2700+45"]

1. Nf3 Nf6 2. d4 g6 3. c4 d5 4. Nc3 Bg7 5. Bf4 O-O 6. e3 c5 7. cxd5 Nxd5 8. Be5
Nxc3 9. bxc3 Qa5 10. Qd2 Bxe5 11. Nxe5 Rd8 12. Bc4 e6 13. O-O cxd4 14. exd4 Qxe5
15. Rae1 Qc7 16. Bb3 b6 17. Qg5 Bb7 18. Rxe6 fxe6 19. Bxe6+ Kg7 20. f4 Rf8 21.
f5 Rf6 22. fxg6 Rxf1+ 23. Kxf1 hxg6 24. Bf5 Qf7 25. g4 Be4 26. h4 Bxf5 27. gxf5
Qxf5+ 28. Qxf5 gxf5 {White resigns} 0-1

[Event "Team 45 45 League T54"]
[Site "Internet Chess Club"]
[Date "2012.08.31"]
[Round "3"]
[White "Portola"]
[Black "ghostfire"]
[Result "0-1"]
[WhiteElo "1629"]
[BlackElo "1788"]
[Opening "Queen's pawn game"]
[ECO "D02"]
[Time "21:00:45"]
[TimeControl "2700+45"]

1. d4 d5 2. Nf3 g6 3. Bf4 Bg7 4. e3 c5 5. c3 cxd4 6. exd4 Nf6 7. Bd3 O-O 8. h3
Nbd7 9. Nbd2 Re8 10. O-O a6 11. a4 b6 12. Re1 Bb7 13. Qc2 Rc8 14. Ng5 Nh5 15.
Bh2 e5 16. h4 e4 17. Be2 h6 18. Bxh5 hxg5 19. Bg4 gxh4 20. Nf1 f5 21. Bh3 Qf6
22. Qe2 g5 23. g3 g4 24. Bg2 h3 25. Bh1 Nf8 26. Ne3 Nh7 27. Rad1 Bh6 28. Ra1
Bxe3 29. fxe3 Ng5 30. Kf2 Rc4 31. Rec1 Qc6 32. Qc2 Qe6 33. Re1 a5 34. Kg1 Ba6
35. Qe2 Qc8 36. Qf2 Rc7 37. Qf4 Rg7 38. Qd6 Qb7 39. b4 Qc7 40. Qxd5+ Qf7 41.
Qxf7+ Rxf7 42. bxa5 bxa5 43. Rab1 Rc7 44. Rb6 Re6 45. Rb8+ Kf7 46. Rc1 Rc4 47.
Rf1 Rxc3 48. Rxf5+ Kg6 49. Rxg5+ Kxg5 50. Rb1 Rxe3 51. Rd1 Bd3 52. d5 Rd6 53.
Kf2 Re2+ 54. Kg1 Rxd5 55. Bxe4 Bxe4 56. Rxd5+ Bxd5 57. Kf1 Rxh2 58. Kg1 Ra2
{White resigns} 0-1

[Event "Team 45 45 League T54"]
[Site "Internet Chess Club"]
[Date "2012.09.02"]
[Round "3"]
[White "Egmont"]
[Black "Check101"]
[Result "1-0"]
[WhiteElo "1764"]
[BlackElo "1526"]
[Opening "Queen's pawn: London system"]
[ECO "A45"]
[Time "10:02:34"]
[TimeControl "2700+45"]

1. d4 Nf6 2. Bf4 g6 3. e3 Bg7 4. Be2 O-O 5. Nf3 d6 6. c3 Nbd7 7. Qb3 c5 8. Nbd2
h6 9. Bd3 Nh5 10. Bg3 Nxg3 11. hxg3 cxd4 12. exd4 e5 13. Bxg6 exd4 14. Nxd4 Bxd4
15. cxd4 Qf6 16. Bc2 Re8+ 17. Kf1 Qxd4 18. Nf3 Qf6 19. Qd3 Qxb2 20. Qh7+ Kf8 21.
Qxh6+ Qg7 22. Qxd6+ Re7 23. Re1 Qf6 24. Rh8+ Qxh8 25. Qxe7+ Kg8 26. Qd8+ Kg7 27.
Re8 Qh1+ 28. Ke2 Qh6 29. Rg8# {Black checkmated} 1-0

[Event "Team 45 45 League T54"]
[Site "Internet Chess Club"]
[Date "2012.09.01"]
[Round "3"]
[White "Epcot"]
[Black "TerryMalloy"]
[Result "1/2-1/2"]
[WhiteElo "1983"]
[BlackElo "2062"]
[Opening "Benkö gambit accepted"]
[ECO "A58"]
[Time "23:30:41"]
[TimeControl "2700+45"]

1. d4 Nf6 2. c4 c5 3. d5 b5 4. cxb5 a6 5. bxa6 g6 6. Nc3 Bxa6 7. g3 d6 8. Bg2
Nbd7 9. Nf3 Bg7 10. Rb1 Nb6 11. b3 Bc8 12. Nh4 h6 13. Qc2 Qd7 14. Bb2 g5 15. Nf3
Bb7 16. Rd1 O-O 17. O-O Nfxd5 18. Nxd5 Nxd5 19. Bxg7 Kxg7 20. Nxg5 Nf6 21. Nf3
Be4 22. Qb2 Ra7 23. Nh4 Bxg2 24. Kxg2 Rfa8 25. a4 Rb8 26. Qc2 Qb7+ 27. f3 Qxb3
28. Nf5+ Kg8 29. Nxh6+ Kf8 30. Qf5 Qxa4 31. Ra1 Qd7 32. Qg5 Rxa1 33. Rxa1 Qe6
34. Kf2 Qh3 35. Kg1 Qh5 {Game drawn by mutual agreement} 1/2-1/2

[Event "Team 45 45 League T54"]
[Site "Internet Chess Club"]
[Date "2012.09.03"]
[Round "3"]
[White "JeremyWa"]
[Black "MrShaw"]
[Result "0-1"]
[WhiteElo "1716"]
[BlackElo "1904"]
[Opening "French: exchange variation"]
[ECO "C01"]
[Time "14:19:24"]
[TimeControl "2700+45"]

1. e4 e6 2. d4 d5 3. exd5 exd5 4. Bd3 Bd6 5. Qf3 Nc6 6. Ne2 Be6 7. Bf4 Nf6 8. h3
Nb4 9. Nd2 Nxd3+ 10. Qxd3 O-O 11. O-O-O a5 12. g4 Re8 13. f3 c6 14. h4 a4 15. h5
a3 16. b3 h6 17. Rdg1 b5 18. g5 hxg5 19. Rxg5 Bxf4 20. Nxf4 Qd6 21. Ne2 Kh8 22.
Rhg1 Qf8 23. Nf4 Bd7 24. Qf1 Qb4 25. Qf2 Qc3 26. Nd3 Qa1+ 27. Nb1 Rg8 28. Nb4
Nh7 29. Re5 c5 30. Nxd5 Qxa2 31. Kd2 Qb2 32. Nxa3 Rxa3 33. Re4 Bf5 {White
resigns} 0-1

[Event "Team 45 45 League T54"]
[Site "Internet Chess Club"]
[Date "2012.09.03"]
[Round "3"]
[White "evan7284"]
[Black "losscause"]
[Result "1/2-1/2"]
[WhiteElo "1647"]
[BlackElo "1647"]
[Opening "Queen's pawn game"]
[ECO "D02"]
[Time "17:00:18"]
[TimeControl "2700+45"]

1. d4 d5 2. Nf3 c6 3. Bg5 Nd7 4. e3 Ngf6 5. Bd3 g6 6. Nbd2 Bg7 7. O-O c5 8. c3
O-O 9. Qe2 b6 10. e4 dxe4 11. Nxe4 Bb7 12. dxc5 Nxc5 13. Nxc5 bxc5 14. Rad1 Qc7
15. Rfe1 Rfe8 16. Rd2 Rad8 17. Red1 Rd5 18. Bb5 Rxd2 19. Rxd2 Rd8 20. Qe5 Rd6
21. Rxd6 Qxd6 22. Qxd6 exd6 23. Nd2 Ne4 24. Nxe4 Bxe4 25. Be7 Bf8 26. Bd8 Bb7
27. Bc7 Be7 28. Bb8 a6 29. Be2 h5 30. Bc4 Kg7 31. f3 Kf6 32. Kf2 g5 33. Ke3 Kg6
34. Bd3+ f5 35. g4 h4 36. Bxf5+ Kf6 37. f4 Bd5 38. a3 Bb7 39. Be4 Bc8 40. f5 Ke5
41. Bd3 Bb7 42. Ba7 Bd8 43. b4 Be7 44. Bb8 Kf6 45. Bc7 d5 {Game drawn by mutual
agreement} 1/2-1/2

[Event "Team 45 45 League T54"]
[Site "Internet Chess Club"]
[Date "2012.09.02"]
[Round "3"]
[White "bondguy01"]
[Black "mongmong"]
[Result "1/2-1/2"]
[WhiteElo "1639"]
[BlackElo "1669"]
[Opening "Nimzo-Indian: Reshevsky variation"]
[ECO "E46"]
[Time "18:00:36"]
[TimeControl "2700+45"]

1. d4 e6 2. c4 Nf6 3. Nc3 Bb4 4. e3 O-O 5. Ne2 d5 6. a3 Be7 7. cxd5 Nxd5 8. Bd2
Nxc3 9. Bxc3 b6 10. Ng3 Bb7 11. Bd3 Nd7 12. Qc2 h6 13. O-O Nf6 14. e4 c5 15.
dxc5 bxc5 16. Rad1 Qc8 17. Bc4 Rd8 18. Rxd8+ Qxd8 19. Rd1 Qc7 20. h3 Rd8 21.
Rxd8+ Qxd8 22. Qd3 Qxd3 23. Bxd3 Nd7 24. Kf1 Bf6 25. Bxf6 Nxf6 26. f3 Nd7 27.
Ke2 Ne5 28. f4 Nc6 29. Kd2 e5 30. f5 f6 31. Ne2 Nd4 32. Nxd4 cxd4 33. Kc2 Kf7
34. Kb3 Ke7 35. Kb4 Kd6 36. a4 Kc6 37. a5 a6 38. h4 Bc8 39. h5 Bb7 40. g3 Kd6
41. g4 Bc8 42. Bc2 Kc6 43. Bd3 Bb7 44. Bc2 Kd6 45. Bd3 Kc7 46. Kc5 Bc8 47. b3
Bb7 48. b4 Bc8 49. b5 axb5 50. Bxb5 Bb7 51. Bd3 Ba8 52. Bc2 Bb7 53. Bd3 Ba8
{Game drawn by mutual agreement} 1/2-1/2

[Event "Team 45 45 League T54"]
[Site "Internet Chess Club"]
[Date "2012.09.01"]
[Round "3"]
[White "kidviper"]
[Black "HomerSimpson"]
[Result "1/2-1/2"]
[WhiteElo "2001"]
[BlackElo "2111"]
[Opening "Owen defense"]
[ECO "B00"]
[Time "11:01:44"]
[TimeControl "2700+45"]

1. e4 b6 2. d4 Bb7 3. Nd2 Nf6 4. e5 Ng8 5. Ngf3 c5 6. c3 e6 7. Be2 d6 8. Nc4 d5
9. Ne3 Nh6 10. O-O Be7 11. Re1 O-O 12. Nf1 Nf5 13. Bd3 Nc6 14. Bxf5 exf5 15. Qd3
g6 16. Bh6 Re8 17. Rad1 cxd4 18. Nxd4 Nxd4 19. Qxd4 Bc5 20. Qd2 a5 21. Bg5 Qc7
22. Bf6 Re6 23. Ng3 Be7 24. Nxf5 Bxf6 25. exf6 Rxf6 26. Ne7+ Kg7 27. Nxd5 Bxd5
28. Qxd5 Ra7 29. Qe5 Qc5 30. Qxc5 bxc5 31. g3 Rb7 32. Rd2 Rfb6 33. b3 a4 34.
bxa4 Ra6 35. Re4 Rba7 36. Rd5 f5 37. Rc4 Rxa4 38. Rxa4 Rxa4 39. Rxc5 Rxa2 40.
Rc7+ Kh6 41. h4 Rc2 42. c4 g5 43. hxg5+ Kxg5 44. c5 h5 45. c6 h4 46. gxh4+ Kxh4
47. Rg7 Rxc6 48. Kg2 Rc4 49. Rg3 Rg4 50. Kf3 Rxg3+ 51. fxg3+ Kg5 52. Kf2 Kg4 53.
Kg2 f4 54. gxf4 Kxf4 {Game drawn because neither player has mating material}
1/2-1/2

[Event "Team 45 45 League T54"]
[Site "Internet Chess Club"]
[Date "2012.09.01"]
[Round "3"]
[White "alexdb"]
[Black "hewdondada"]
[Result "0-1"]
[WhiteElo "1850"]
[BlackElo "1833"]
[Opening "Scandinavian, Mieses-Kotrc gambit"]
[ECO "B01"]
[Time "14:06:37"]
[TimeControl "2700+45"]

1. e4 d5 2. exd5 Qxd5 3. Nc3 Qa5 4. b4 Qe5+ 5. Be2 c6 6. Nf3 Qc7 7. d4 Nf6 8.
O-O Bf5 9. Ne5 e6 10. a3 Bd6 11. f4 h6 12. Nc4 Nbd7 13. b5 Be7 14. Ne3 Ne4 15.
Qe1 Nxc3 16. Qxc3 Be4 17. Bd3 Bxd3 18. Qxd3 cxb5 19. Qxb5 O-O 20. c4 a6 21. Qb3
Rab8 22. Bb2 Bd6 23. g3 Qc6 24. d5 exd5 25. Nxd5 Bc5+ 26. Kg2 Nf6 27. Bxf6 gxf6
28. Rf3 b5 29. Rc1 bxc4 30. Qxc4 Rb2+ 31. Kh3 Qd7+ 32. f5 Be7 33. Re1 Bd8 34.
Qd4 Qb7 35. Rf4 Kh7 36. Rh4 Rg8 37. Rxh6+ Kxh6 38. Re4 Qb8 39. Rh4+ Kg7 40. Qg4+
Kf8 41. Qh5 Rxh2+ 42. Kxh2 Qxg3+ 43. Kh1 Qg2# {White checkmated} 0-1

[Event "Team 45 45 League T54"]
[Site "Internet Chess Club"]
[Date "2012.08.30"]
[Round "3"]
[White "toukon"]
[Black "IshanR"]
[Result "0-1"]
[WhiteElo "1740"]
[BlackElo "1883"]
[Opening "QGD: Tarrasch, von Hennig-Schara gambit"]
[ECO "D32"]
[Time "08:04:26"]
[TimeControl "2700+45"]

1. d4 d5 2. c4 e6 3. Nc3 c5 4. cxd5 cxd4 5. Qa4+ Bd7 6. Qxd4 exd5 7. Qxd5 Nc6 8.
Nf3 Nf6 9. Qd1 Bc5 10. e3 Qe7 11. Be2 O-O 12. O-O Rfd8 13. Qb3 Be6 14. Qa4 a6
15. Qh4 Bf5 16. b3 Ne5 17. Bb2 Ng6 18. Qa4 b5 19. Qa5 Bb4 20. Ba3 Bxa3 21. Rad1
Bb4 22. Rxd8+ Rxd8 23. Qb6 Bxc3 24. Rc1 b4 25. Bxa6 Qd6 26. Qb7 Be4 27. Qa7 Ra8
{White resigns} 0-1